 Dungeon Crawl Stone Soup version 0.31.0-32-g396128a36d (webtiles) character file.

Game seed: 17060768564866790279

8 ChadusMaximus the Caller (level 2, 0/20 HPs)
             Began as a Barachi Summoner on Mar 8, 2024.
             Succumbed to a kobold's poison
             ... on level 1 of the Dungeon.
             The game lasted 00:00:32 (167 turns).

ChadusMaximus the Caller (Barachi Summoner)          Turns: 167, Time: 00:00:32

Health: 0/20       AC:  2    Str:  9    XL:     2   Next: 8%
Magic:  3/5        EV: 12    Int: 15    God:
Gold:   12         SH:  0    Dex: 12    Spells: 4/5 levels left

rFire   . . .        d - +0 dagger
rCold   . . .        (no shield)
rNeg    . . .        a - +0 robe
rPois   .            (no helmet)
rElec   .            (no cloak)
rCorr   .            (no gloves)
SInv    .            (no boots)
Will    .....        (no amulet)
Stlth   ++           (no ring)
HPRegen 0.23/turn    (no ring)
MPRegen 0.09/turn

%: no passive effects
@: lethally poisoned (0 -> -19), unable to hop, slow
A: amphibious, slowness 1, strong legs 1, +LOS
a: Hop


You were on level 1 of the Dungeon.
You visited 1 branch of the dungeon, and saw 1 of its levels.

You collected 12 gold pieces.

Inventory:

Hand Weapons
 c - a +0 whip
 d - a +0 dagger (weapon)
Armour
 a - a +0 robe (worn)
Potions
 b - a potion of magic


   Skills:
 + Level 0.6 Fighting
 - Level 2.2 Dodging
 - Level 1.8 Stealth
 + Level 2.3 Spellcasting
 * Level 5.1 Summonings


You had 4 spell levels left.
You knew the following spells:

 Your Spells              Type           Power      Damage    Failure   Level
a - Summon Small Mammal   Summ           68%        N/A       2%          1

Your spell library contained the following spells:

 Spells                   Type           Power      Damage    Failure   Level
 Call Imp                 Summ           34%        N/A       4%          2
 Call Canine Familiar     Summ           17%        N/A       8%          3
 Summon Blazeheart Golem  Fire/Summ      9%         N/A       58%         4
 Summon Lightning Spire   Summ/Air       9%         N/A       58%         4


Dungeon Overview and Level Annotations

Branches:
Dungeon (1/15)

Altars:

Annotations:
D:1 2 runed translucent doors


Innate Abilities, Weirdness & Mutations

You are amphibious.
You cover ground slowly.
You can hop short distances.
You have an extended range of vision and can be seen from far away.


Message History

You now have 12 gold pieces.
Found a short sword.
No target in view!
A kobold, a ball python and a goblin come into view.
The kobold is wielding a +2 dagger of venom.
Found 19 gold pieces and a glowing dagger.
The kobold shouts!
Found a large runed translucent door.
The goblin shouts!
You see here a scroll labelled NYBAVVISYA.
There are monsters nearby!
Casting: Summon Small Mammal (safe; 2% risk of failure)
Confirm with . or Enter, or press ? or * to list all spells.
The ball python hisses angrily.
The hobgoblin shouts!
You hear a shout! x2
Casting: Summon Small Mammal (safe; 2% risk of failure)
Confirm with . or Enter, or press ? or * to list all spells.
The orc shouts!
The hobgoblin shouts!
Your quokka barely misses the kobold.
The kobold hits you with a +2 dagger of venom.
Unknown command.
You closely miss the kobold.
Your quokka bites the kobold.
The goblin hits you but does no damage. The ball python bites your rat.
The ball python barely misses your rat.
The kobold hits you with a +2 dagger of venom.
You are poisoned.
Your rat barely misses the kobold.
Unknown command.
You hit the kobold but do no damage.
The kobold is moderately wounded.
You feel sick.
Your quokka closely misses the kobold.
The ball python barely misses your rat. x2; The goblin barely misses you.
The kobold hits you with a +2 dagger of venom.
* * * LOW HITPOINT WARNING * * *
You are more poisoned.
Your rat bites the kobold.
Unknown command.
Hop to where?
Press: ? - help, Dir - move target Boing!
You die...

############## ####
.#...##..#...##...... ......
#..##..#.†.#....#....#......
.#..#.#..#..#..##.#.#......
###.##..##.##.......#....)
#.#..#...#..#..##....#
.##.#.#.†##...#....#
#.#..#.†.#..#.)...###
#.##......##@...rr8.#$#o
##.#..##......?○KS....+g
#.#.^.#..##.##..g.....+o
#..#...#...#.....8.#$#g
#.##......#...#...###
#...#....##..).##..#
#.##....#..).#. #..# #
...##.....##.. .... ####
########### #####


You could see a goblin, a ball python, a kobold (distracted, ally target), a
friendly quokka (summoned) and a friendly rat (summoned).

Vanquished Creatures
  2 endoplasms (D:1)
  A goblin (D:1)
3 creatures vanquished.

Vanquished Creatures (collateral kills)
  A giant cockroach (D:1)
  A kobold (D:1)
  2 ball pythons (D:1)
4 creatures vanquished.

Grand Total: 7 creatures vanquished

Notes
Turn   | Place    | Note
-------+----------+-------------------------------------------
     0 | D:1      | ChadusMaximus the Barachi Summoner began the quest for the
                  | Orb.
     0 | D:1      | Reached XP level 1. HP: 13/13 MP: 3/3
    52 | D:1      | Reached skill level 5 in Summonings
    84 | D:1      | Reached XP level 2. HP: 8/20 MP: 1/5
   161 | D:1      | Found a large runed translucent door.
   161 | D:1      | Found a large runed translucent door.
   167 | D:1      | Succumbed to a kobold's poison

Illustrated notes

Levels and vault maps discovered:
D:1:      erik_arrival_cave_to_civilisation [erik_arrival_cave_to_temple],
          layout_loops_ring

Skill      XL: |  1 |
---------------+----+-----
Summonings     | 5 |  5.1
Fighting       | |  0.6
Dodging        | |  2.2
Stealth        | |  1.8
Spellcasting   | |  2.3

Action                     || total
---------------------------++-------
  Melee: Whip              ||    15
         Dagger            ||     2
   Cast: Summon Small Mamm ||     6
Ability: Hop               ||     1
   Stab: Sleeping          ||     2
 Armour: Robe              ||    11
  Dodge: Dodged            ||    12
